TOP OF THE 1ST |
San Antonio BC batting - Pitching for Ft. Polk South Thunder Hawks : RHP Colijn de Goedere
|
Pitching: RHP Colijn de Goedere
|
|
Batting: RHB Albert Delgado
|
0-0: Foul Ball, location: 2F 0-1: Swinging Strike 0-2: Ball 1-2: Strikes out swinging
|
Batting: SHB Xavier Vásquez
|
0-0: Ground out 2-3 (Groundball, 2L)
|
Batting: LHB Enrique Sánchez
|
0-0: Foul Ball, location: 2F 0-1: SINGLE (Groundball, 34D) (infield hit)
|
Batting: RHB Orlando Padilla
|
0-0: Ball 1-0: Foul Ball, location: 2F 1-1: Swinging Strike 1-2: Foul Ball, location: 2F 1-2: Foul Ball, location: 2F 1-2: Ball 2-2: Strikes out swinging
|
Top of the 1st over - 0 run(s), 1 hit(s), 0 error(s), 1 left on base; San Antonio 0 - Ft. Polk South 0 |
BOTTOM OF THE 1ST |
Ft. Polk South Thunder Hawks batting - Pitching for San Antonio BC : LHP Shawn Arnold
|
Pitching: LHP Shawn Arnold
|
|
Batting: RHB Alfredo González
|
0-0: Ball 1-0: Ball 2-0: Called Strike 2-1: Swinging Strike 2-2: Strikes out swinging
|
Batting: RHB Robbie Chambers
|
0-0: Ball 1-0: Ball 2-0: Foul Ball, location: 2F 2-1: Ball 3-1: Base on Balls
|
Batting: RHB Tommy Stanley
|
0-0: Called Strike 0-1: Ball 1-1: Ball 2-1: Called Strike 2-2: Ball 3-2: Fly out, F1 (Popup, 25)
|
Batting: RHB Darrell Goldstein
|
0-0: Fly out, F7 (Flyball, 78D)
|
Bottom of the 1st over - 0 run(s), 0 hit(s), 0 error(s), 1 left on base; San Antonio 0 - Ft. Polk South 0 |
TOP OF THE 2ND |
San Antonio BC batting - Pitching for Ft. Polk South Thunder Hawks : RHP Colijn de Goedere
|
Batting: RHB Alfredo Rivera
|
0-0: Foul Ball, location: 2F 0-1: Swinging Strike 0-2: Ball 1-2: Fly out, F9 (Flyball, 89M)
|
Batting: RHB Carlos Vega
|
0-0: Called Strike 0-1: Foul Ball, location: 2F 0-2: Hit by Pitch
|
Pinch Runner at 1st Jake Castle:
|
|
Batting: RHB Jim Unknown
|
0-0: Called Strike 0-1: Ball 1-1: Ball 2-1: Ground out 5-3 (Groundball, 5S) Jake Castle to second
|
Batting: LHB Álex Ramírez
|
0-0: Ball 1-0: Ball 2-0: DOUBLE (Line Drive, 3L) Jake Castle scores
|
Batting: RHB Martín Álvarez
|
0-0: Ball 1-0: SINGLE (Line Drive, 5D) Álex Ramírez to third
|
Batting: RHB Albert Delgado
|
0-0: SINGLE (Groundball, 6MD) Álex Ramírez scores Martín Álvarez to second Runner from 2nd tries for 3rd, SAFE, throw made to third
|
Batting: SHB Xavier Vásquez
|
0-0: Ball 1-0: Called Strike 1-1: Ball 2-1: Foul Ball, location: 2F 2-2: Strikes out swinging
|
Top of the 2nd over - 2 run(s), 3 hit(s), 0 error(s), 2 left on base; San Antonio 2 - Ft. Polk South 0 |
BOTTOM OF THE 2ND |
Ft. Polk South Thunder Hawks batting - Pitching for San Antonio BC : LHP Shawn Arnold
|
Batting: SHB Ted Hansen
|
0-0: Ball 1-0: Swinging Strike 1-1: Ball 2-1: Swinging Strike 2-2: Strikes out swinging
|
Batting: SHB Paul Wright
|
0-0: Ball 1-0: Ball 2-0: Called Strike 2-1: Ball 3-1: Called Strike 3-2: Strikes out swinging
|
Batting: RHB Steven Grant
|
0-0: Swinging Strike 0-1: Called Strike 0-2: Foul Ball, location: 2F 0-2: Ball 1-2: SINGLE (Groundball, 4M)
|
Batting: RHB Henry Weber
|
0-0: Foul Ball, location: 2F 0-1: Ball 1-1: Foul Ball, location: 2F 1-2: Ball 2-2: Foul Ball, location: 2F 2-2: Foul Ball, location: 2F 2-2: Fly out, F7 (Flyball, 7LSF)
|
Bottom of the 2nd over - 0 run(s), 1 hit(s), 0 error(s), 1 left on base; San Antonio 2 - Ft. Polk South 0 |
TOP OF THE 3RD |
San Antonio BC batting - Pitching for Ft. Polk South Thunder Hawks : RHP Colijn de Goedere
|
Batting: LHB Enrique Sánchez
|
0-0: Ball 1-0: Reached on error, E4 (Groundball, 13)
|
Batting: RHB Orlando Padilla
|
0-0: Called Strike 0-1: Ball 1-1: Ball 2-1: Ball 3-1: Base on Balls Enrique Sánchez to second
|
Batting: RHB Alfredo Rivera
|
0-0: Hit by Pitch Enrique Sánchez to third Orlando Padilla to second
|
Batting: RHB Jake Castle
|
0-0: Foul Ball, location: 2F 0-1: Called Strike 0-2: Ball 1-2: Ball 2-2: Fly out, F7 (Flyball, 7M) Runner from 3rd tags up, SCORES, throw made
|
Batting: RHB Jim Unknown
|
0-0: Ball 1-0: Fly out, F9 (Flyball, 9S)
|
Batting: LHB Álex Ramírez
|
0-0: Called Strike 0-1: Foul Ball, location: 2F 0-2: SINGLE (Line Drive, 9S) Orlando Padilla to third Alfredo Rivera to second Runner from 3rd tries for Home, throw and OUT!
|
Top of the 3rd over - 1 run(s), 1 hit(s), 1 error(s), 2 left on base; San Antonio 3 - Ft. Polk South 0 |
BOTTOM OF THE 3RD |
Ft. Polk South Thunder Hawks batting - Pitching for San Antonio BC : LHP Shawn Arnold
|
Batting: LHB José López
|
0-0: Called Strike 0-1: Ball 1-1: Called Strike 1-2: SINGLE (Groundball, 15) (infield hit)
|
Batting: RHB Alfredo González
|
0-0: Fly out, F8 (Flyball, 8LM)
|
Batting: RHB Robbie Chambers
|
0-0: Ball 1-0: Foul Ball, location: 2F 1-1: Fielders Choice at 2nd, 6-4 (Groundball, 6M)
|
Batting: RHB Tommy Stanley
|
0-0: Foul Ball, location: 2F 0-1: Ball 1-1: Ball Balk! Robbie Chambers to second 2-1: Ball 3-1: DOUBLE (Line Drive, 56D) Robbie Chambers scores
|
Batting: RHB Darrell Goldstein
|
0-0: Fly out, F9 (Flyball, 9S)
|
Bottom of the 3rd over - 1 run(s), 2 hit(s), 0 error(s), 1 left on base; San Antonio 3 - Ft. Polk South 1 |
TOP OF THE 4TH |
San Antonio BC batting - Pitching for Ft. Polk South Thunder Hawks : RHP Colijn de Goedere
|
Batting: RHB Martín Álvarez
|
0-0: Ball 1-0: Foul Ball, location: 2F 1-1: Foul Ball, location: 2F 1-2: SINGLE (Line Drive, 6D)
|
Batting: RHB Albert Delgado
|
0-0: Ball 1-0: Called Strike 1-1: Ball 2-1: Swinging Strike 2-2: Strikes out swinging Martín Álvarez steals 2nd base Batter strikes out.
|
Batting: SHB Xavier Vásquez
|
0-0: Ball 1-0: Foul Ball, location: 2F 1-1: Fly out, F9 (Line Drive, 89D) Runner from 2nd tags up, SAFE at 3rd, no throw
|
Batting: LHB Enrique Sánchez
|
0-0: Called Strike 0-1: Ball 1-1: Ball 2-1: Foul Ball, location: 2F 2-2: Reached on error, E5 (Groundball, 5S) Martín Álvarez scores
|
Batting: RHB Orlando Padilla
|
0-0: Ball 1-0: Ground out 6-3 (Groundball, 56)
|
Top of the 4th over - 1 run(s), 1 hit(s), 1 error(s), 1 left on base; San Antonio 4 - Ft. Polk South 1 |
BOTTOM OF THE 4TH |
Ft. Polk South Thunder Hawks batting - Pitching for San Antonio BC : LHP Shawn Arnold
|
Batting: SHB Ted Hansen
|
0-0: Called Strike 0-1: Ball 1-1: Swinging Strike 1-2: Strikes out swinging
|
Batting: SHB Paul Wright
|
0-0: Ball 1-0: Ground out 6-3 (Groundball, 6)
|
Batting: RHB Steven Grant
|
0-0: Ball 1-0: Foul Ball, location: 2F 1-1: Foul Ball, location: 2F 1-2: Strikes out swinging
|
Bottom of the 4th over - 0 run(s), 0 hit(s), 0 error(s), 0 left on base; San Antonio 4 - Ft. Polk South 1 |
TOP OF THE 5TH |
San Antonio BC batting - Pitching for Ft. Polk South Thunder Hawks : RHP Colijn de Goedere
|
Batting: RHB Alfredo Rivera
|
0-0: Ball 1-0: Ground out 5-3 (Groundball, 5)
|
Batting: RHB Jake Castle
|
0-0: Ball Single, Error in OF, E7, batter to second base
|
Batting: RHB Jim Unknown
|
0-0: 2-RUN HOME RUN (Line Drive, 7D), Distance : 354 ft
|
Pitching: RHP Marc Graham
|
|
Batting: LHB Álex Ramírez
|
0-0: Ball 1-0: Swinging Strike 1-1: Swinging Strike 1-2: Foul Ball, location: 2F 1-2: Ground out 4-3 (Groundball, 4)
|
Batting: RHB Martín Álvarez
|
0-0: Ball 1-0: Called Strike 1-1: Ball 2-1: DOUBLE (Flyball, 8RM)
|
Batting: RHB Albert Delgado
|
Balk! Martín Álvarez to third 0-0: Ball 1-0: Swinging Strike 1-1: Ball 2-1: Swinging Strike 2-2: Ground out 5-3 (Groundball, 5)
|
Top of the 5th over - 2 run(s), 3 hit(s), 1 error(s), 1 left on base; San Antonio 6 - Ft. Polk South 1 |
BOTTOM OF THE 5TH |
Ft. Polk South Thunder Hawks batting - Pitching for San Antonio BC : LHP Shawn Arnold
|
Batting: RHB Henry Weber
|
0-0: Fly out, F4 (Popup, 9LS)
|
Batting: LHB José López
|
0-0: Ball 1-0: Called Strike 1-1: Ball 2-1: SINGLE (Line Drive, 5L)
|
Batting: RHB Alfredo González
|
0-0: Ball 1-0: Grounds into double play, 5-4-3 (Groundball, 56)
|
Bottom of the 5th over - 0 run(s), 1 hit(s), 0 error(s), 0 left on base; San Antonio 6 - Ft. Polk South 1 |
TOP OF THE 6TH |
San Antonio BC batting - Pitching for Ft. Polk South Thunder Hawks : RHP Marc Graham
|
Batting: SHB Xavier Vásquez
|
0-0: Ball 1-0: Called Strike 1-1: Swinging Strike 1-2: Ball 2-2: Ball 3-2: Foul Ball, location: 2F 3-2: Fly out, F9 (Flyball, 9M)
|
Batting: LHB Enrique Sánchez
|
0-0: Foul Ball, location: 2F 0-1: Ball 1-1: Foul Ball, location: 2F 1-2: Fly out, F7 (Line Drive, 7D)
|
Batting: RHB Orlando Padilla
|
0-0: Called Strike 0-1: Called Strike 0-2: Foul Ball, location: 2F 0-2: Ball 1-2: Fly out, F6 (Popup, 6)
|
Top of the 6th over - 0 run(s), 0 hit(s), 0 error(s), 0 left on base; San Antonio 6 - Ft. Polk South 1 |
BOTTOM OF THE 6TH |
Ft. Polk South Thunder Hawks batting - Pitching for San Antonio BC : LHP Shawn Arnold
|
Batting: RHB Robbie Chambers
|
0-0: Fly out, F7 (Line Drive, 78S)
|
Batting: RHB Tommy Stanley
|
0-0: Foul Ball, location: 2F 0-1: Called Strike 0-2: Ball 1-2: Foul Ball, location: 2F 1-2: Strikes out swinging
|
Batting: RHB Darrell Goldstein
|
0-0: Fly out, F7 (Flyball, 7S)
|
Bottom of the 6th over - 0 run(s), 0 hit(s), 0 error(s), 0 left on base; San Antonio 6 - Ft. Polk South 1 |
TOP OF THE 7TH |
San Antonio BC batting - Pitching for Ft. Polk South Thunder Hawks : RHP Marc Graham
|
Pitching: RHP Ricardo Gómez
|
|
Batting: RHB Alfredo Rivera
|
0-0: Called Strike 0-1: Ball 1-1: Swinging Strike 1-2: Ball 2-2: Strikes out looking
|
Batting: RHB Jake Castle
|
0-0: Ball 1-0: Ball 2-0: SINGLE (Groundball, 34D)
|
Batting: RHB Jim Unknown
|
0-0: SINGLE (Line Drive, 6D) Jake Castle to second
|
Batting: LHB Álex Ramírez
|
0-0: Ball 1-0: Ball 2-0: Ball 3-0: Called Strike 3-1: Foul Ball, location: 2F 3-2: Foul Ball, location: 2F 3-2: Foul Ball, location: 2F 3-2: SINGLE (Flyball, 89S) Jake Castle to third Jim Unknown to second Runner from 3rd tries for Home, SAFE, throw made home
|
Batting: RHB Martín Álvarez
|
0-0: Ball 1-0: Swinging Strike 1-1: Ball 2-1: Foul Ball, location: 2F 2-2: Strikes out looking
|
Batting: RHB Albert Delgado
|
0-0: DOUBLE (Line Drive, 89D) Jim Unknown scores Álex Ramírez to third Runner from 3rd tries for Home, SAFE, no throw or cutoff
|
Pitching: LHP Joaquín Soto
|
|
Batting: SHB Xavier Vásquez
|
0-0: Ball 1-0: Called Strike 1-1: Foul Ball, location: 2F 1-2: Ball 2-2: Ball 3-2: Strikes out swinging
|
Top of the 7th over - 3 run(s), 4 hit(s), 0 error(s), 1 left on base; San Antonio 9 - Ft. Polk South 1 |
BOTTOM OF THE 7TH |
Ft. Polk South Thunder Hawks batting - Pitching for San Antonio BC : LHP Shawn Arnold
|
Batting: SHB Ted Hansen
|
0-0: Ground out 6-3 (Groundball, 6)
|
Batting: SHB Paul Wright
|
0-0: Ball 1-0: Called Strike 1-1: Called Strike 1-2: Foul Ball, location: 2F 1-2: Strikes out looking
|
Batting: RHB Steven Grant
|
0-0: Called Strike 0-1: Ball 1-1: Ball 2-1: Foul Ball, location: 2F 2-2: Fly out, F3 (Popup, 3SF)
|
Bottom of the 7th over - 0 run(s), 0 hit(s), 0 error(s), 0 left on base; San Antonio 9 - Ft. Polk South 1 |
TOP OF THE 8TH |
San Antonio BC batting - Pitching for Ft. Polk South Thunder Hawks : LHP Joaquín Soto
|
Batting: LHB Enrique Sánchez
|
0-0: Ball 1-0: Reached on error, E6 (Groundball, 6)
|
Batting: RHB Orlando Padilla
|
0-0: Called Strike 0-1: Ball 1-1: Ball 2-1: Ball 3-1: Called Strike 3-2: Base on Balls Enrique Sánchez to second
|
Batting: RHB Alfredo Rivera
|
0-0: Called Strike 0-1: Fly out, F9 (Flyball, 9M)
|
Batting: RHB Jake Castle
|
0-0: Foul Ball, location: 2F 0-1: Ball 1-1: Ball 2-1: Ball 3-1: Base on Balls Enrique Sánchez to third Orlando Padilla to second
|
Batting: RHB Jim Unknown
|
0-0: Ball 1-0: Called Strike 1-1: Fly out, F2 (Popup, 2RF)
|
Batting: LHB Álex Ramírez
|
0-0: Called Strike 0-1: Swinging Strike 0-2: Foul Ball, location: 2F 0-2: Strikes out swinging
|
Top of the 8th over - 0 run(s), 0 hit(s), 1 error(s), 3 left on base; San Antonio 9 - Ft. Polk South 1 |
BOTTOM OF THE 8TH |
Ft. Polk South Thunder Hawks batting - Pitching for San Antonio BC : LHP Shawn Arnold
|
Batting: RHB Henry Weber
|
0-0: Called Strike 0-1: Ball 1-1: Ground out 5-3 (Groundball, 5)
|
Batting: LHB José López
|
0-0: Ball 1-0: Foul Ball, location: 2F 1-1: SINGLE (Groundball, 56D)
|
Batting: RHB Alfredo González
|
0-0: Called Strike 0-1: Ball 1-1: Called Strike 1-2: Strikes out swinging
|
Pitching: RHP Pedro Poey
|
|
Batting: RHB Robbie Chambers
|
0-0: Ball 1-0: Ground out 5-3 (Groundball, 5S)
|
Bottom of the 8th over - 0 run(s), 1 hit(s), 0 error(s), 1 left on base; San Antonio 9 - Ft. Polk South 1 |
TOP OF THE 9TH |
San Antonio BC batting - Pitching for Ft. Polk South Thunder Hawks : LHP Joaquín Soto
|
Pitching: RHP Kip Hill
|
|
Batting: RHB Martín Álvarez
|
0-0: Ground out 5-3 (Groundball, 56)
|
Batting: RHB Albert Delgado
|
0-0: Ball 1-0: Called Strike 1-1: Ground out 6-3 (Groundball, 6M)
|
Batting: SHB Xavier Vásquez
|
0-0: Ball 1-0: Foul Ball, location: 2F 1-1: SINGLE (Flyball, 7LS)
|
Batting: LHB Enrique Sánchez
|
0-0: Swinging Strike 0-1: Foul Ball, location: 2F 0-2: Strikes out swinging
|
Top of the 9th over - 0 run(s), 1 hit(s), 0 error(s), 1 left on base; San Antonio 9 - Ft. Polk South 1 |
BOTTOM OF THE 9TH |
Ft. Polk South Thunder Hawks batting - Pitching for San Antonio BC : RHP Pedro Poey
|
Now at 1B: Miguel García
|
|
Now in LF: Keith Gardner
|
|
Batting: RHB Tommy Stanley
|
0-0: Ball 1-0: Called Strike 1-1: Swinging Strike 1-2: Ball 2-2: Fly out, F9 (Flyball, 9M)
|
Batting: RHB Darrell Goldstein
|
0-0: Ball 1-0: Called Strike 1-1: Swinging Strike 1-2: Fly out, F9 (Flyball, 89M)
|
Batting: SHB Ted Hansen
|
0-0: Foul Ball, location: 2F 0-1: Ball 1-1: Fly out, F7 (Flyball, 78XD)
|
Bottom of the 9th over - 0 run(s), 0 hit(s), 0 error(s), 0 left on base; San Antonio 9 - Ft. Polk South 1 |
|